 Dungeon Crawl Stone Soup version 0.22-a0-126-g307c7c3 (webtiles) character file.

51 zero the Sneak (level 3, -2/16 HPs)
             Began as a Spriggan Enchanter on Jan 30, 2018.
             Slain by a hobgoblin
             ... wielding a +0 club
             ... led by Robin
              (4 damage)
             ... on level 2 of the Dungeon.
             The game lasted 00:03:01 (2076 turns).

zero the Sneak (Spriggan Enchanter)                 Turns: 2076, Time: 00:03:02

Health: -2/16      AC:  2    Str:  4    XL:     3   Next: 57%
Magic:  6/8        EV: 18    Int: 16    God:
Gold:   70         SH:  0    Dex: 17    Spells: 1/7 levels left

rFire    . . .     SeeInvis +   g - +1 dagger (flame)
rCold    . . .     Gourm    .   (shield restricted)
rNeg     . . .     Faith    .   b - +0 robe
rPois    .         Spirit   .   (helmet restricted)
rElec    .         Reflect  .   (no cloak)
rCorr    .         Harm     .   (gloves unavailable)
MR       .....                  (boots unavailable)
Stlth    ++++......             (no amulet)
HPRegen  0.05/turn              (no ring)
MPRegen  0.11/turn              (no ring)

@: very quick
A: very small, unfitting armour, see invisible, herbivore, speed 3, slow
metabolism 2
a: no special abilities


You were on level 2 of the Dungeon.
You were not hungry.

You visited 1 branch of the dungeon, and saw 2 of its levels.

You collected 70 gold pieces.

Inventory:

Hand Weapons
 g - a +1 dagger of flaming (weapon)
 m - a +4 dagger
Armour
 b - a +0 robe (worn)
Magical Staves
 i - an uncursed staff of power {!a}
Scrolls
 e - 4 scrolls of identify
 f - a scroll of enchant armour
 h - a scroll of amnesia {unknown}
 k - a scroll of immolation {unknown}
 l - a scroll of teleportation {unknown}
Potions
 a - a potion of magic {unknown}
 j - a potion of heal wounds {unknown}
Books
 c - a book of Maledictions

   Spells                             Type                      Level
   a - Corona                         Hexes                        1
   b - Ensorcelled Hibernation        Hexes/Ice                    2
   c - Confuse                        Hexes                        3
   d - Tukima's Dance                 Hexes                        3
   e - Dazzling Spray                 Conjuration/Hexes            3
Comestibles
 d - 3 rations


   Skills:
 - Level 1.1 Short Blades
 - Level 3.0 Dodging
 + Level 7.1 Stealth
 - Level 2.6 Spellcasting
 - Level 3.6 Hexes


You had one spell level left.
You knew the following spells:

 Your Spells              Type           Power        Failure   Level  Hunger
a - Corona                Hex            ##.....      4%          1    #......
b - Ensorcelled Hibernat  Hex/Ice        #.....       14%         2    ##.....
c - Confuse               Hex            ##......     13%         3    ###....


Dungeon Overview and Level Annotations

Branches:
Dungeon (2/15)

Altars:
Kikubaaqudgha

Annotations:
D:2 Robin


Innate Abilities, Weirdness & Mutations

You are very small and have problems with some larger weapons.
You are too small for most types of armour.
You have supernaturally acute eyesight. (SInv)
You are a herbivore.
You cover ground extremely quickly.
You need consume almost no food.


Message History

You hit the goblin. You burn the goblin.
The goblin is heavily wounded.
The goblin hits you. Robin throws the goblin at you!
You hit the goblin. You burn the goblin.
You kill the goblin!
Robin roars a battlecry!
The goblins go into a battle-frenzy!
The hobgoblin closely misses you.
Casting: Ensorcelled Hibernation (safe; 14% risk of failure)
Confirm with . or Enter, or press ? or * to list all spells.
Aiming: Ensorcelled Hibernation (safe; 14% risk of failure)
Press: ? - help, Shift-Dir - straight line, f - goblin
Aim: a goblin, wielding a club (unusually strong, chance to defeat MR: 56%)
The goblin resists with significant effort.
The goblin completely misses you.
Robin hits you with a spear of freezing.
Robin freezes you.
* * * LOW HITPOINT WARNING * * *
The hobgoblin hits you with a club.
You die...

#.. ########### #.# .#
#.........# . #.# .# #.#######.#
... #.##.# #.# #...#
..ggg####.##.# #.#####.#######
.g.gg..g).##.#####.#............
###g####..##....##.#......######
......g.....>gg...#........#
##.####.##.#.#@####.#.<#...#
#.##.#.#g#.....#.#...####
#.##.g...[#g#.##..#.........
#.....#.....#.##..####...###
#.###.#..####.##..#......#
..#..##g#..####.#...#.####.#
........#.......#...#.#....#
#########..#.#######.#.#)#.##.#
#.......#.g#.# .#.# #.#


You could see Robin, 2 hobgoblins and a goblin.

Vanquished Creatures
  An adder (D:2)
  4 bats (D:1)
  2 giant cockroaches (D:1)
  8 goblins
  2 hobgoblins (D:1)
  4 jackals (D:1)
  8 kobolds
  4 frilled lizards
  5 rats
38 creatures vanquished.

Notes
Turn   | Place    | Note
-------+----------+-------------------------------------------
     0 | D:1      | zero the Spriggan Enchanter began the quest for the Orb.
     0 | D:1      | Reached XP level 1. HP: 9/9 MP: 5/5
    49 | D:1      | Reached skill level 5 in Stealth
   552 | D:1      | Reached XP level 2. HP: 13/13 MP: 6/6
   556 | D:1      | Learned a level 2 spell: Ensorcelled Hibernation
   869 | D:1      | Reached skill level 6 in Stealth
  1176 | D:1      | Reached XP level 3. HP: 16/16 MP: 8/8
  1181 | D:1      | Learned a level 3 spell: Confuse
  1329 | D:2      | Found an ancient bone altar of Kikubaaqudgha.
  1645 | D:2      | Reached skill level 7 in Stealth
  1980 | D:2      | Noticed Robin
  2076 | D:2      | Slain by a hobgoblin

Vault maps used:
D:1:      elethiomel_arrival_fortress_basement,
          hangedman_abyss_or_decor_lesser_grid, minivault_26
D:2:      kiku_gazebo_garden_becter, uniq_robin

Skill      XL: |  1  2  3 |
---------------+----------+-----
Stealth        | 5 6 7 |  7.1
Short Blades   | |  1.1
Dodging        | |  3.0
Spellcasting   | |  2.6
Hexes          | |  3.6

Action                   || total
-------------------------++-------
Melee: Dagger            ||   137
 Cast: Corona            ||     6
       Ensorcelled Hiber ||    10
  Use: Scroll            ||     1
 Stab: Sleeping          ||    17
Armor: Robe              ||    10
Dodge: Dodged            ||   115

Table legend:
 A = Spawn XP
 B = Non-spawn XP
 C = Spawn XP percentage of total XP
 D = Spawn monster count
 E = Non-spawn monster count
 F = Spawn count percentage of total count
 G = Total turns spent on level
                    A         B        C        D         E        F      G
               +---------+---------+-------+---------+---------+-------+---------
         Total |       0 |      73 |   0.0 |       0 |      38 |   0.0 |  2076
               +---------+---------+-------+---------+---------+-------+---------
           D:1 |       0 |      44 |   0.0 |       0 |      27 |   0.0 |  1351
           D:2 |       0 |      29 |   0.0 |       0 |      11 |   0.0 |   725
               +---------+---------+-------+---------+---------+-------+---------
